 Dungeon Sprint DCSS version 0.27-a0-1186-g8b4daa1eef (webtiles) character file.

Game seed: 984437553188352220

204 Zeld the Cruncher (level 5, -3/34 HPs)
             Began as an Octopode Gladiator on May 19, 2021.
             Was a Follower of Wu Jian.
             Succumbed to a spriggan's poison
             ... in the Dungeon (Sprint IV: "Fedhas' Mad Dash").
             The game lasted 00:01:46 (966 turns).

Zeld the Cruncher (Octopode Gladiator)               Turns: 966, Time: 00:01:46

Health: -3/34      AC:  1    Str: 14    XL:     5   Next: 82%
Magic:  4/5        EV: 14    Int: 10    God:    Wu Jian [*.....]
Gold:   43         SH:  0    Dex: 14    Spells: 4/4 levels left

rFire    . . .     SeeInvis .   a - +0 quarterstaff
rCold    . . .     Faith    .   (shield currently unavailable)
rNeg     . . .     Spirit   .   b - +0 hat
rPois    .         Reflect  .   k - amulet of invisibility {+Inv}
rElec    .         Harm     .   (no ring)
rCorr    .         Rampage  .   (no ring)
Will     .....     NoTele   +   (no ring)
Stlth    ++........             (no ring)
HPRegen  0.11/turn              (no ring)
MPRegen  0.09/turn              (no ring)
                                (no ring)
                                (no ring)

@: lethally poisoned (-3 -> -35), very slightly contaminated, invisible
A: almost no armour, amphibious, 8 rings, camouflage 1, gelatinous body 1,
(nimble swimmer 1), tentacles
a: Renounce Religion, Evoke Invisibility


You were in the Dungeon.
You worshipped Wu Jian.
Wu Jian was aware of your devotion.
You visited 1 branch You collected 43 gold pieces.

Inventory:

Hand Weapons
 a - a +0 quarterstaff (weapon)
Missiles
 c - 3 throwing nets (quivered)
Armour
 b - a +0 hat (worn)
Jewellery
 k - the amulet of invisibility (around mantle) {+Inv}
   (You found it in the Dungeon)

   [amulet of nothing]

   It lets you turn invisible.
Wands
 l - a wand of polymorph (6)
Scrolls
 i - 2 scrolls of blinking
 m - a scroll of enchant armour {unknown}
Potions
 f - a potion of haste
 g - 2 potions of magic
 h - a potion of cancellation {unknown}
 j - a potion of lignification {unknown}


   Skills:
 - Level 2.0 Fighting
 * Level 10.4 Staves
 - Level 6.0 Throwing
 - Level 3.0 Dodging


You had 4 spell levels left.
You didn't know any spells.
Your spell library was empty.

Dungeon Overview and Level Annotations

Branches:
Dungeon (1/1)

Altars:
Cheibriados
Dithmenos
Elyvilon
Gozag
Hepliaklqana
Kikubaaqudgha
Makhleb
Nemelex Xobeh
Okawaru
Qazlal
Ru
Sif Muna
Trog
Uskayaw
Vehumet
Wu Jian
Xom
Yredelemnul
Zin
The Shining One
Beogh
Jiyva
Lugonu


Innate Abilities, Weirdness & Mutations

You cannot wear most types of armour.
You are amphibious.
You can wear up to eight rings at the same time.
Your skin changes colour to match your surroundings (Stealth+).
Your rubbery body absorbs attacks. (AC +1, EV +1)
((You are camouflaged near water. (Stealth+)))
You have tentacles for arms and can constrict up to eight enemies at once.


Message History

You are too injured to fight recklessly!
Unknown command.
You are too injured to fight recklessly!
Unknown command.
You are too injured to fight recklessly!
Unknown command.
You are too injured to fight recklessly!
You feel much better.
You feel very sick. The spriggan hits you with a +0 dagger!
The spriggan closely misses you.
You feel better.
The spriggan hits you but does no damage.
The spriggan barely misses you.
You barely miss the spriggan. You grab the spriggan. You squeeze the spriggan.
The spriggan is almost dead.
You constrict the spriggan.
You kill the spriggan!
The Council accepts your kill.
You can now lightly attack monsters by moving around them.
Your Staves skill increases to level 10!
You closely miss the spriggan. Your grab misses the spriggan.
The spriggan misses you.
Unknown command.
You closely miss the spriggan. Your grab misses the spriggan.
The spriggan hits you with a +2 short sword of venom!
You are lethally poisoned!
Okay, then.
You are too injured to fight recklessly!
You are too injured to fight recklessly!
You are too injured to fight recklessly!
You are too injured to fight recklessly!
Unknown command.
You barely miss the spriggan. Your grab misses the spriggan.
You feel very sick.
The spriggan hits you with a +2 short sword of venom!
* * * LOW HITPOINT WARNING * * *
You are more poisoned.
Unknown command.
Okay, then.
You die...

#######################
.#.⌠._._._._.⌠.#..is..#
.'.._._._._._..'@)#$.$#
.#..._._._._...#..# #+#
##.._._._._._..#..#
#._._._._._.⌠.####
###############


You could see a spriggan and a scorpion.

Vanquished Creatures
  A scorpion (D)
  3 oklob saplings (D)
  A spriggan (D)
  A river rat (D)
  A rat (D)
7 creatures vanquished.

Notes
Turn   | Place    | Note
-------+----------+-------------------------------------------
     0 | D        | Zeld the Octopode Gladiator began the quest for the Orb.
     0 | D        | Reached XP level 1. HP: 14/14 MP: 1/1
    10 | D        | Reached skill level 4 in Staves
    10 | D        | Reached XP level 2. HP: 19/19 MP: 2/2
    44 | D        | Noticed an oklob sapling
    48 | D        | Killed an oklob sapling
    49 | D        | Reached skill level 5 in Staves
    49 | D        | Reached XP level 3. HP: 14/24 MP: 3/3
   423 | D        | Noticed a scorpion
   424 | D        | Found the amulet of invisibility {+Inv}
   427 | D        | Killed a scorpion
   428 | D        | Reached skill level 7 in Staves
   428 | D        | Reached XP level 4. HP: 21/29 MP: 4/4
   516 | D        | Found an opulent altar of Gozag.
   516 | D        | Found a hazy altar of Hepliaklqana.
   516 | D        | Found a burning altar of Makhleb.
   516 | D        | Found a sparkling altar of Nemelex Xobeh.
   516 | D        | Found a snail-covered altar of Cheibriados.
   516 | D        | Found a sacrificial altar of Ru.
   516 | D        | Found a shimmering blue altar of Sif Muna.
   516 | D        | Found a shimmering altar of Xom.
   516 | D        | Found a basalt altar of Yredelemnul.
   517 | D        | Found a viscous altar of Jiyva.
   517 | D        | Found a bloodstained altar of Trog.
   517 | D        | Found an ornate altar of the Wu Jian Council.
   517 | D        | Noticed an oklob sapling priest
   523 | D        | Found an iron altar of Okawaru.
   523 | D        | Found a glowing silver altar of Zin.
   523 | D        | Found a shadowy altar of Dithmenos.
   524 | D        | Found a hide-covered altar of Uskayaw.
   524 | D        | Found an ancient bone altar of Kikubaaqudgha.
   526 | D        | Became a worshipper of the Wu Jian Council
   527 | D        | Found a glowing golden altar of the Shining One.
   527 | D        | Found a stormy altar of Qazlal.
   527 | D        | Found a white marble altar of Elyvilon.
   528 | D        | Found a radiant altar of Vehumet.
   528 | D        | Found a corrupted altar of Lugonu.
   538 | D        | Killed an oklob sapling priest
   539 | D        | Reached skill level 9 in Staves
   539 | D        | Reached XP level 5. HP: 34/34 MP: 3/5
   962 | D        | Reached * piety under Wu Jian
   963 | D        | Reached skill level 10 in Staves
   966 | D        | Succumbed to a spriggan's poison

Illustrated notes

Levels and vault maps discovered:
D:        dungeon_sprint_fedhas [sprint_temple]

Skill      XL: |  1  2  3  4  5 |
---------------+----------------+-----
Staves         | 4 5 7 9 10 | 10.4
Throwing       | 3 4 6 |  6.0
Fighting       | |  2.0
Dodging        | |  3.0

Action                   |  1- 3 |  4- 6 || total
-------------------------+-------+-------++-------
Melee: Quarterstaff      |    10 |    22 ||    32
       Constrict         |     4 |     3 ||     7
       Tentacles         |     4 |     4 ||     8
Invok: Lunge             |       |     1 ||     1
 Abil: Evoke Invisibilit |       |     3 ||     3
  Use: Potion            |     1 |     2 ||     3
 Stab: Invisible         |       |     1 ||     1
       Sleeping          |       |     1 ||     1
Armor: Skin              |       |     1 ||     1
Dodge: Dodged            |     5 |     8 ||    13

Table legend: (Time is in decaauts)
 A = Elapsed time spent in this place.
 B = Non-inter-level travel time spent in this place.
 C = Inter-level travel time spent in this place.
 D = Time resting spent in this place.
 E = Time spent auto-exploring this place.
 F = Levels seen in this place.
 G = Mean time per level.
                   A        B        C        D        E       F      G
               +--------+--------+--------+--------+--------+-----+--------+
         Total |    970 |    970 |      0 |    853 |      0 |   1 |  970.0 |
       Dungeon |    970 |    970 |      0 |    853 |      0 |   1 |  970.0 |
               +--------+--------+--------+--------+--------+-----+--------+

Top non-repeatable levels by time:
       D: 970 daAuts
